 Dungeon Sprint DCSS version 0.28.0-53-g5a82cb258f (webtiles) character file.

Game seed: 15247782281896091744

805 Groucho the Fighter (level 7, -2/75 HPs)
             Began as a Naga Fighter on July 19, 2022.
             Was the Champion of Cheibriados.
             Slain by a bog body (5 damage)
             ... in the Dungeon (Sprint VII: "The Pits").
             The game lasted 00:02:59 (1455 turns).

Groucho the Fighter (Naga Fighter)                  Turns: 1455, Time: 00:03:00

Health: -2/75      AC:  9    Str: 33    XL:     7   Next: 91%
Magic:  12/12      EV:  8    Int: 26    God:    Cheibriados [******]
Gold:   0          SH:  7    Dex: 25    Spells: 6/6 levels left

rFire   . . .      SeeInvis +   a - +2 hand axe
rCold   . . .      Faith    .   c - +0 buckler
rNeg    . . .      Spirit   .   k - +3 ring mail
rPois   +          Reflect  .   (no helmet)
rElec   .          Harm     .   (no cloak)
rCorr   .          Rampage  .   (no gloves)
Will    .....      NoTele   +   (no barding)
Stlth   +.........              (no amulet)
HPRegen 0.22/turn               (no ring)
MPRegen 0.13/turn               (no ring)

@: very slow
A: AC +2, large, see invisible, deformed body, poison resistance, slowness 2,
spit poison 1, naga tail 1
a: Spit Poison, Renounce Religion, Bend Time, Temporal Distortion, Slouch, Step
From Time


You were in the Dungeon.
You worshipped Cheibriados.
Cheibriados was exalted by your worship.
You visited 1 branch

Inventory:

Hand Weapons
 a - a +2 hand axe (weapon)
 p - a +1 flail of protection
Missiles
 o - 10 stones
Armour
 c - a +0 buckler (worn)
 k - a +3 ring mail (worn)
Scrolls
 j - a scroll of blinking
 m - 5 scrolls of amnesia
 n - a scroll of summoning
Potions
 d - a potion of might
 e - 5 potions of curing
 f - 5 potions of heal wounds
 g - a potion of haste
 h - 4 potions of magic
 i - 2 potions of berserk rage
 l - a potion of invisibility


   Skills:
 + Level 8.3 Fighting
 + Level 8.0 Axes
 + Level 6.9 Armour
 + Level 6.9 Shields
 + Level 7.1 Invocations


You had 6 spell levels left.
You didn't know any spells.
Your spell library was empty.

Dungeon Overview and Level Annotations

Branches:
Dungeon (1/1)

Altars:
Ashenzari
Cheibriados
Dithmenos
Elyvilon
Fedhas
Gozag
Hepliaklqana
Kikubaaqudgha
Makhleb
Nemelex Xobeh
Okawaru
Qazlal
Ru
Sif Muna
Trog
Uskayaw
Vehumet
Wu Jian
Xom
Yredelemnul
Zin
The Shining One
Beogh
Jiyva
Lugonu


Innate Abilities, Weirdness & Mutations

Your serpentine skin is tough. (AC +2)
You have supernaturally acute eyesight. (SInv)
Armour fits poorly on your strangely shaped body.
Your system is resistant to poisons. (rPois)
You cover ground very slowly.
You can spit poison.
You have a snake-like lower body.


Message History

You see here a +0 club.
Things that are here:
a +2 spear of distortion; a gnoll skeleton
Things that are here:
a +1 vorpal spear; a +0 ring mail; a gnoll skeleton
Things that are here:
a +0 flail; a gnoll skeleton You open the door.
A worm comes into view.
You slash the worm!
The worm is heavily wounded.
You hit the worm.
The worm is heavily wounded.
The worm barely misses you.
You barely miss the worm.
The worm is heavily wounded.
You hit the worm.
The worm is severely wounded.
The worm bites you but does no damage.
You hit the worm.
The worm is severely wounded.
The worm bites you.
You slash the worm!
You kill the worm!
Cheibriados appreciates the change of pace.
There is an open door here.
You see here a worm corpse.
You open the door.
A bog body comes into view.
The bog body touches you! The bog body freezes you!! The bog body touches you!
The bog body freezes you!!
* * * LOW HITPOINT WARNING * * *
There is an open door, spattered with blood here.
You slash the bog body!
The bog body is moderately damaged.
The bog body barely misses you.
You slash the bog body!
The bog body is heavily damaged.
The bog body touches you.
You die...

#.#..[)))..##.......#
#.#..[)))..##.......#
#'###########.......#
#)......# #########
#)).#...# #)..#...#
#.##.##.#+#
#)..#)..#n+
#)).#...#@#
#.).....†.#
###########


You could see a bog body.

Vanquished Creatures
  A floating eye (D)
  A sky beast (D)
  A gnoll sergeant (D)
  3 scorpions (D)
  5 wights (D)
  A jelly (D)
  A gnoll shaman (D)
  7 gnolls (D)
  2 river rats (D)
  An ufetubus (D)
  A worm (D)
  A bat (D)
  A goblin (D)
  3 jackals (D)
  A rat (D)
30 creatures vanquished.

Notes
Turn   | Place    | Note
-------+----------+-------------------------------------------
     0 | D        | Groucho the Naga Fighter began the quest for the Orb.
     0 | D        | Reached XP level 1. HP: 21/21 MP: 1/1
    52 | D        | Found a bloodstained altar of Trog.
    52 | D        | Found a shimmering blue altar of Sif Muna.
    52 | D        | Found a viscous altar of Jiyva.
    52 | D        | Found a hazy altar of Hepliaklqana.
    52 | D        | Found an opulent altar of Gozag.
    53 | D        | Found a glowing golden altar of the Shining One.
    53 | D        | Found a glowing silver altar of Zin.
    53 | D        | Found a basalt altar of Yredelemnul.
    53 | D        | Found a shimmering altar of Xom.
    53 | D        | Found an ornate altar of the Wu Jian Council.
    53 | D        | Found a sacrificial altar of Ru.
    53 | D        | Found a stormy altar of Qazlal.
    53 | D        | Found an iron altar of Okawaru.
    53 | D        | Found a sparkling altar of Nemelex Xobeh.
    53 | D        | Found a burning altar of Makhleb.
    53 | D        | Found a blossoming altar of Fedhas.
    53 | D        | Found a white marble altar of Elyvilon.
    53 | D        | Found a shadowy altar of Dithmenos.
    53 | D        | Found a snail-covered altar of Cheibriados.
    56 | D        | Found a corrupted altar of Lugonu.
    56 | D        | Found a radiant altar of Vehumet.
    57 | D        | Found an ancient bone altar of Kikubaaqudgha.
    57 | D        | Found a hide-covered altar of Uskayaw.
    57 | D        | Found a broken altar of Ashenzari.
    64 | D        | Became a worshipper of Cheibriados the Contemplative
    87 | D        | Noticed a scorpion
    91 | D        | Killed a scorpion
    91 | D        | Reached * piety under Cheibriados
    92 | D        | Reached XP level 2. HP: 17/31 MP: 2/2
    92 | D        | Reached XP level 3. HP: 21/38 MP: 3/3
    92 | D        | Reached XP level 4. HP: 25/45 MP: 4/4
   637 | D        | Noticed a scorpion
   645 | D        | Killed a scorpion
   645 | D        | Reached ** piety under Cheibriados
   646 | D        | Reached skill level 5 in Fighting
   646 | D        | Reached skill level 5 in Axes
   646 | D        | Reached XP level 5. HP: 35/52 MP: 4/6
   660 | D        | Reached *** piety under Cheibriados
   665 | D        | Reached skill level 5 in Armour
   665 | D        | Reached skill level 5 in Shields
   670 | D        | Reached **** piety under Cheibriados
   670 | D        | HP: 4/81 [wight/+0 falchion (5)]
   671 | D        | Reached XP level 6. HP: 4/63 MP: 7/9
   674 | D        | Reached skill level 5 in Invocations
  1131 | D        | Noticed a sky beast
  1132 | D        | Noticed a floating eye
  1133 | D        | Reached ***** piety under Cheibriados
  1133 | D        | Killed a floating eye
  1133 | D        | Reached ****** piety under Cheibriados
  1134 | D        | Reached XP level 7. HP: 71/73 MP: 4/11
  1452 | D        | Noticed a bog body
  1453 | D        | HP: 3/75 [bog body (25)]
  1455 | D        | Slain by a bog body

Illustrated notes

Levels and vault maps discovered:
D:        pitsprint [storerooms_1, entrance_room_1, metal_vault_3, armoury_2,
          mini_pit_1, grid_room_1, main_hall_1, silver_pit, the_coven_2,
          the_vestibule_1, steel_vault_4, golden_pit, hallway_of_sentries,
          crystal_vault_4, iron_vault_1, final_vault]

Skill      XL: |  1  2  3  4  5  6  7 |
---------------+----------------------+-----
Fighting       | 4 5 6 7 8 |  8.3
Axes           | 4 5 7 8 |  8.0
Armour         | 4 5 6 |  6.9
Shields        | 4 5 6 |  6.9
Invocations    | 2 4 6 7 |  7.1

Action                   |  1- 3 |  4- 6 |  7- 9 || total
-------------------------+-------+-------+-------++-------
Melee: War axe           |    13 |       |       ||    13
       Hand axe          |     5 |    33 |    14 ||    52
Invok: Slouch            |       |     1 |     1 ||     2
  Use: Potion            |     1 |     3 |       ||     4
 Stab: Invisible         |       |    12 |       ||    12
Armor: Scale mail        |     7 |    15 |       ||    22
       Ring mail         |       |       |     6 ||     6
Dodge: Dodged            |    10 |    15 |     3 ||    28
Block: Buckler           |     6 |    15 |       ||    21
